 Seeded DCSS version 0.29-a0-902-g0f71de6fce (webtiles) character file.

Game seed: 32220725 (custom seed)

445 purpskrrrp the Skirmisher (level 7, -1/50 HPs)
             Began as a Formicid Hunter on July 25, 2022.
             Slain by an orc warrior
             ... wielding a +0 short sword
              (16 damage)
             ... on level 9 of the Dungeon.
             The game lasted 00:11:55 (2514 turns).

purpskrrrp the Skirmisher (Formicid Hunter)         Turns: 2514, Time: 00:11:56

Health: -1/50      AC:  3    Str: 15    XL:     7   Next: 23%
Magic:  7/7        EV: 12    Int:  9    God:
Gold:   160        SH:  0    Dex: 19    Spells: 6/6 levels left

rFire   . . .      SeeInvis +   a - +0 shortbow
rCold   . . .      Faith    .   (no shield)
rNeg    . . .      Spirit   .   c - +0 leather armour
rPois   .          Reflect  .   (helmet unavailable)
rElec   .          Harm     .   (no cloak)
rCorr   .          Rampage  .   (no gloves)
Will    .....                   (no boots)
Stlth   ++........              (no amulet)
HPRegen 0.16/turn               (no ring)
MPRegen 0.10/turn               (no ring)

@: no status effects
A: permanent stasis, dig shafts and tunnels, antennae 3, four strong arms
a: Dig, Shaft Self


You were on level 9 of the Dungeon.
You visited 1 branch of the dungeon, and saw 5 of its levels.

You collected 160 gold pieces.

Inventory:

Hand Weapons
 a - a +0 shortbow (weapon)
Missiles
 f - 6 boomerangs
 k - 5 poisoned darts (quivered)
Armour
 c - a +0 leather armour (worn)
Scrolls
 b - a scroll of immolation
Potions
 d - a potion of flight
 e - a potion of brilliance {unknown}
 h - a potion of mutation {unknown}
 j - a potion of ambrosia {unknown}


   Skills:
 - Level 2.3 Fighting
 + Level 8.1 Ranged Weapons
 - Level 2.0 Dodging
 - Level 1.2 Stealth


You had 6 spell levels left.
You didn't know any spells.
Your spell library contained the following spells:

 Spells                   Type           Power      Damage    Failure   Level
 Sublimation of Blood     Necr           0%         N/A       58%         2
 Wereblood                Tmut           0%         N/A       58%         2
 Portal Projectile        Hex/Tloc       0%         N/A       83%         3
 Tukima's Dance           Hex            0%         N/A       83%         3
 Blade Hands              Tmut           0%         N/A       100%        5
 Summon Hydra             Summ           0%         N/A       100%        7


Dungeon Overview and Level Annotations

Branches:
Dungeon (9/15)
 Temple: D:4-7         Lair: D:8-11         Orc: D:9-12

Altars:


Innate Abilities, Weirdness & Mutations

You cannot be hasted, slowed, berserked, paralysed or teleported.
You can dig through walls and to a lower floor.
You have a pair of large antennae on your head. (SInv)
Your four strong arms can wield two-handed weapons with a shield.


Message History

You hear a shout!
You shoot an arrow. The arrow closely misses the orc.
The arrow hits the orc warrior but does no damage.
An orc comes into view. It is wielding a +0 dagger.
You shoot an arrow.
The arrow hits the orc warrior but does no damage.
You shoot an arrow. The arrow hits the orc warrior.
The orc warrior is lightly wounded.
The orc warrior barely misses you.
You shoot an arrow. The arrow hits the orc warrior.
The orc warrior is moderately wounded.
The orc warrior hits you with a +0 short sword.
You shoot an arrow.
The arrow closely misses the orc warrior.
The arrow hits the orc but does no damage.
The orc is lightly wounded.
The orc warrior hits you with a +0 short sword!
The orc warrior barely misses you.
You are too injured to fight recklessly!
You are too injured to fight recklessly!
You are too injured to fight recklessly!
You are too injured to fight recklessly!
Fire: a) +0 shortbow
Press: ? - help, Shift-Dir - straight line, f - orc, p - orc warrior
Aim: an orc, wielding a +0 short sword, wearing a +0 chain mail and quivering boomerangs of dispersal (lightly wounded, 72% to hit)
You shoot an arrow.
The arrow barely misses the orc warrior.
The arrow hits the orc.
The orc is heavily wounded.
The orc warrior hits you with a +0 short sword!
* * * LOW HITPOINT WARNING * * *
Fire: a) +0 shortbow
Press: ? - help, Shift-Dir - straight line, f - orc, p - orc
Aim: an orc, wielding a +0 whip (66% to hit)
You shoot an arrow.
The arrow barely misses the orc warrior.
The arrow hits the orc.
The orc is severely wounded.
The orc warrior hits you with a +0 short sword!
You die...

#.# ### ##. # #.# #.. ..
#.#.# #># #. .#.# #.# #.
#### ..####.####. ..#
#.#...#..... #.#
##.#..#.####.
#.####.########............
#:.?).oooo@.........#.####.
..)....#o########.###.#.#
## .......o... #.# #.#..{
o#####.#.##.# #.# #.####
#.#.# .. ..# #.# ....# ##
### #.# ##.### .# #.


You could see an orc warrior, an orc priest and 3 orcs.

Vanquished Creatures
  A black bear (D:6)
  A centaur (D:9)
  A scorpion (D:6)
  A howler monkey (D:6)
  An orc priest (D:6)
  A hound (D:6)
  2 orc wizards
  An adder (D:3)
  2 worms
  5 orcs
  5 endoplasms
  2 goblins (D:2)
  4 hobgoblins
  3 jackals
  7 kobolds
  2 quokkas
  A ball python (D:2)
  8 bats
  4 frilled lizards
  6 rats
58 creatures vanquished.

Notes
Turn   | Place    | Note
-------+----------+-------------------------------------------
     0 | D:1      | purpskrrrp the Formicid Hunter began the quest for the Orb.
     0 | D:1      | Reached XP level 1. HP: 16/16 MP: 1/1
   133 | D:1      | Reached XP level 2. HP: 22/22 MP: 2/2
   225 | D:1      | You fall into a shaft and drop 1 floor!
   410 | D:2      | Reached XP level 3. HP: 27/27 MP: 3/3
   795 | D:2      | Reached skill level 5 in Ranged Weapons
  1221 | D:3      | Reached XP level 4. HP: 33/33 MP: 4/4
  1235 | D:3      | You fall into a shaft and drop 3 floors!
  1340 | D:6      | Noticed a centaur
  1347 | D:6      | Noticed a black bear
  1626 | D:6      | Reached skill level 6 in Ranged Weapons
  1626 | D:6      | Reached XP level 5. HP: 17/38 MP: 5/5
  1810 | D:6      | Noticed a black bear
  1823 | D:6      | Killed a black bear
  1824 | D:6      | Reached XP level 6. HP: 13/44 MP: 6/6
  2073 | D:6      | Reached skill level 7 in Ranged Weapons
  2264 | D:6      | Noticed an ice beast
  2281 | D:6      | You fall into a shaft and drop 3 floors!
  2320 | D:9      | Reached XP level 7. HP: 31/50 MP: 7/7
  2441 | D:9      | Noticed an acid dragon
  2441 | D:9      | Noticed a troll
  2497 | D:9      | Reached skill level 8 in Ranged Weapons
  2514 | D:9      | Slain by an orc warrior

Illustrated notes

Levels and vault maps discovered:
D:1:      minmay_arrival_semitransparent, layout_basic,
          chequers_ecumenical_altar_twisty
D:2:      minmay_spotlight, layout_rooms, nicolae_kite_square_tiling_tiny,
          corexii_hall_statues_l, chequers_serial_rivers_large_a
D:3:      layout_basic, minmay_misc_feat_pillars, kennysheep_generic_room_6
D:6:      layout_basic, lemuel_old_faithful
D:9:      layout_loops_ring, mainiacjoe_overflow_divided_tiny,
          grunt_ministairs_3

Skill      XL: |  1  2  3  4  5  6  7 |
---------------+----------------------+-----
Ranged Weapons | 5 6 7 8 |  8.1
Dodging        | 2 |  2.0
Fighting       | |  2.3
Stealth        | |  1.2

Action                   |  1- 3 |  4- 6 |  7- 9 || total
-------------------------+-------+-------+-------++-------
 Fire: Shortbow          |    97 |    56 |    30 ||   183
Throw: Dart              |       |     2 |       ||     2
 Abil: Shaft Self        |       |     2 |       ||     2
  Use: Scroll            |     1 |     2 |     1 ||     4
Armor: Leather armour    |    18 |     7 |     1 ||    26
Dodge: Dodged            |    21 |    25 |     9 ||    55

Table legend: (Time is in decaauts)
 A = Elapsed time spent in this place.
 B = Non-inter-level travel time spent in this place.
 C = Inter-level travel time spent in this place.
 D = Time resting spent in this place.
 E = Time spent auto-exploring this place.
 F = Levels seen in this place.
 G = Mean time per level.
                   A        B        C        D        E       F      G
               +--------+--------+--------+--------+--------+-----+--------+
         Total |   2574 |   2476 |     98 |    872 |   1054 |   5 |  514.8 |
       Dungeon |   2574 |   2476 |     98 |    872 |   1054 |   5 |  514.8 |
               +--------+--------+--------+--------+--------+-----+--------+

Top non-repeatable levels by time:
     D:6: 1058 daAuts
     D:2: 735 daAuts
     D:3: 312 daAuts
     D:9: 236 daAuts
     D:1: 231 daAuts
